[Event "Late-Titled-Tuesday-Blitz-June-18-2024"]
[Site "Chess.com"]
[Date "2024.06.18"]
[Round "7"]
[White "SchmakAttack"]
[Black "wonderfultime"]
[Result "0-1"]
[WhiteElo "2826"]
[BlackElo "3030"]
[TimeControl "180+1"]
[EndTime "15:19:02 PDT"]
[Termination "wonderfultime won by resignation"]

1. Nf3 d5 2. g3 Nd7 3. Bg2 e5 4. d3 Ngf6 5. O-O c6 6. Nc3 Bc5 7. e4 dxe4 8. dxe4 O-O 9. h3 Re8 10.
Re1 Qc7 11. Bg5 b5 12. Nh4 h6 13. Be3 Bxe3 14. Rxe3 Nc5 15. Qf3 Ne6 16. Rf1 b4 17. Nb1 Ba6 18. Rfe1 Nd4 19. Qd1 Rad8 20. Nd2 Rd7 21. c3 bxc3 22. bxc3 Ne6 23. Qc2 Red8 24. Nb3 Bc4 25. Bf1 Bxf1 26. Kxf1 a5 27. a4 Qb6 28.
Kg2 Nc5 29. Rb1 Nxb3 30. Qxb3 Qc5 31. Nf5 Rd2 32. Rbe1 Nxe4 33. R1e2 Rxe2 34. Rxe2 Nxc3 35. Rc2 Rd3 36. Ne3 Qb4 37. Rb2 Qe4+ 38. Kg1 Ne2+ 39.
Rxe2 Rxb3 0-1

[Event "Late-Titled-Tuesday-Blitz-June-18-2024"]
[Site "Chess.com"]
[Date "2024.06.18"]
[Round "7"]
[White "Seppppppy"]
[Black "BardArtem"]
[Result "1/2-1/2"]
[WhiteElo "2291"]
[BlackElo "2857"]
[TimeControl "180+1"]
[EndTime "15:19:02 PDT"]
[Termination "Game drawn by repetition"]

1. d4 d5 2. c4 e6 3. Nc3 Nf6 4. cxd5 Nxd5 5. e4 Nxc3 6. bxc3 c5 7. Rb1 Be7 8. Nf3 O-O 9. h4 b6 10. h5 h6 11. Rh3 Bb7 12. Bd3 Nc6 13. Rg3 Kh8 14.
Bxh6 gxh6 15. Qd2 Bg5 16. Nxg5 hxg5 17. Rxg5 Rg8 18. Rg6 Rxg6 19. hxg6 Qh4 20. gxf7 Rf8 21. g3 Qh1+ 22. Ke2 Qh5+ 23. f3 Qh2+ 24. Ke3 cxd4+ 25. cxd4 Qxd2+ 26. Kxd2 Nxd4 27. Ke3 Nc6 28. Bc4 Nd8 29. Rd1 Nxf7 30. Bxe6 Rd8 31. Rh1+ Kg7 32. Bxf7 Bxe4 33. fxe4 Kxf7 34. Rh7+ Ke6 35. Rxa7 Rg8 36. Rb7 Rxg3+ 37. Kf4 Ra3 38. Rxb6+ Ke7 39. Rb2 Ke6 40. Rh2 Ra5 41.
Rh6+ Ke7 42. Rh2 Ke6 43. Ke3 Ra3+ 44. Kd4 Ra4+ 45. Ke3 Ra3+ 46. Kf4 Ra5 1/2-1/2

[Event "Late-Titled-Tuesday-Blitz-June-18-2024"]
[Site "Chess.com"]
[Date "2024.06.18"]
[Round "7"]
[White "egnfanclub"]
[Black "tortorchess"]
[Result "1/2-1/2"]
[WhiteElo "2331"]
[BlackElo "2213"]
[TimeControl "180+1"]
[EndTime "15:19:04 PDT"]
[Termination "Game drawn by repetition"]

1. e4 c5 2. Nc3 Nc6 3. f4 d6 4.
Nf3 Nf6 5. Bb5 Bd7 6. O-O g6 7. d3 Bg7 8. Bxc6 Bxc6 9. Qe1 O-O 10. h3 a6 11. a4 b5 12. axb5 axb5 13. Rxa8 Qxa8 14.
Qh4 Qa7 15. f5 c4+ 16. Kh1 cxd3 17. cxd3 b4 18. Ne2 Bb5 19. fxg6 hxg6 20. Nf4 Qc5 21. Ng5 e5 22. Nd5 Nh5 23. Ne7+ Kh8 24. Nxf7+ Rxf7 25. Rxf7 Qxc1+ 26. Kh2 Qh6 27. Qg4 Nf6 28.
Qc8+ Ne8 29. Nc6 Bxc6 30. Qxc6 Nf6 31. Qxd6 Qf4+ 32. Kg1 Qe3+ 33. Kh1 Qe1+ 34. Kh2 Qf2 35. Qe7 Qf4+ 36. Kg1 Qe3+ 37. Kh1 Qc1+ 38. Kh2 Qf4+ 39. Kh1 Qc1+ 40. Kh2 Qf4+ 1/2-1/2

[Event "Late-Titled-Tuesday-Blitz-June-18-2024"]
[Site "Chess.com"]
[Date "2024.06.18"]
[Round "7"]
[White "WindWhistler11"]
[Black "nochewycandy"]
[Result "0-1"]
[WhiteElo "2515"]
[BlackElo "2786"]
[TimeControl "180+1"]
[EndTime "15:19:06 PDT"]
[Termination "nochewycandy won by resignation"]

1. Nf3 d5 2. g3 Bg4 3. Bg2 e6 4. c4 Nf6 5. b3 Nbd7 6. Bb2 Be7 7. e3 O-O 8. h3 Bh5 9. Nc3 c6 10. Ne2 Nc5 11. d4 Nce4 12. O-O a5 13. a3 a4 14. cxd5 cxd5 15. g4 Bg6 16. Nf4 Qa5 17. b4 Qb6 18. Nd3 Nd6 19. Nfe5 Qb5 20. Re1 b6 21. Bf1 Qe8 22.
Rc1 Nfe4 23. Nc6 Bh4 24. Re2 f5 25. Nf4 fxg4 26. hxg4 Nc4 27. Ne5 Nxf2 28. Rxf2 Bxf2+ 29. Kxf2 Nxb2 30. Qd2 Nc4 31. Rxc4 dxc4 32. Bxc4 Rc8 33. Kg3 Rxc4 34. Nxc4 Be4 35. Ne5 Qc8 36. Qe2 Qc1 37. Qf2 g5 38. Nd7 gxf4+ 0-1

[Event "Late-Titled-Tuesday-Blitz-June-18-2024"]
[Site "Chess.com"]
[Date "2024.06.18"]
[Round "7"]
[White "Slovineanu"]
[Black "Chempiblinka"]
[Result "1-0"]
[WhiteElo "2556"]
[BlackElo "2382"]
[TimeControl "180+1"]
[EndTime "15:19:09 PDT"]
[Termination "Slovineanu won by resignation"]

1. d4 Nf6 2. Nf3 g6 3. Nbd2 d5 4. e3 Bg7 5. b4 O-O 6. c4 e6 7.
a4 a5 8. b5 c6 9. Bb2 Nbd7 10. Be2 Ne4 11. Nxe4 dxe4 12. Nd2 f5 13.
Qb3 Kh8 14. O-O c5 15. Rfd1 Qg5 16. g3 b6 17. Qc2 Bb7 18. Nb3 Rac8 19. dxc5 Nxc5 20.
Nxc5 Rxc5 21. Rd7 e5 22. Rxb7 h5 23. Ba3 f4 24. Bxc5 bxc5 25. Qxe4 h4 26. exf4 exf4 27.
Qe7 Qxe7 28. Rxe7 Bxa1 29. gxf4 Rxf4 30. b6 Bd4 31. b7 Rxf2 32. Rd7 Rxe2+ 33. Rxd4 Re8 34.
Rd7 Kg8 35. Rc7 Kf8 36. Rc8 1-0

[Event "Late-Titled-Tuesday-Blitz-June-18-2024"]
[Site "Chess.com"]
[Date "2024.06.18"]
[Round "7"]
[White "Pelusiansky"]
[Black "NovakRatko"]
[Result "1-0"]
[WhiteElo "2571"]
[BlackElo "2420"]
[TimeControl "180+1"]
[EndTime "15:19:17 PDT"]
[Termination "Pelusiansky won on time"]

1. c4 c6 2. d4 d5 3. Nc3 Nf6 4. Nf3 e6 5. Bg5 dxc4 6. e4 Be7 7.
Bxc4 h6 8. Bxf6 Bxf6 9. e5 Be7 10. O-O c5 11. d5 exd5 12. Nxd5 O-O 13. Qc2 Be6 14.
Rad1 Bxd5 15. Bxd5 Qc7 16. Rfe1 Nc6 17. e6 f5 18. Bxc6 Qxc6 19. Ne5 Qc8 20. Nd7 Re8 21. Qxf5 Qc6 22. Qf7+ Kh8 23. Ne5 Qc7 24. Rd7 Qb6 25. Ng6+ Kh7 26. Nxe7 Qxb2 27. Qg6+ Kh8 28. Nf5 Rg8 29.
Nxh6 Rgf8 30. Nf7+ Kg8 31. Rf1 Rae8 32. Ng5 1-0

[Event "Late-Titled-Tuesday-Blitz-June-18-2024"]
[Site "Chess.com"]
[Date "2024.06.18"]
[Round "7"]
[White "Dhaydon19"]
[Black "alexrustemov"]
[Result "0-1"]
[WhiteElo "2650"]
[BlackElo "2858"]
[TimeControl "180+1"]
[EndTime "15:19:18 PDT"]
[Termination "alexrustemov won by resignation"]

1. d4 g6 2. Nf3 Bg7 3. g3 c5 4. c3 b6 5. Bg2 Bb7 6. O-O Nf6 7. Qc2 O-O 8. dxc5 bxc5 9. Rd1 d5 10.
Nbd2 Nbd7 11. Nb3 Qc7 12. Bg5 Rac8 13. Rac1 Rfe8 14. Bh3 e6 15. Bf4 Qb6 16. Ne5 c4 17.
Nd4 Nc5 18. Be3 Qc7 19. f4 Nfe4 20. Ndf3 f6 21. Ng4 Nd6 22. Bd4 Qe7 23. Ne3 e5 24.
fxe5 fxe5 25. Bxe5 Bxe5 26. Bxc8 Rxc8 27. Nxd5 Qe6 28.
Ng5 Qe8 29. Nf3 Bg7 30. Kg2 Nf5 31. Qd2 Ne4 32. Qf4 Rc5 33. g4 Bh6 34. Qxe4 Qxe4 35. Nf6+ Kf7 36. Nxe4 Ne3+ 37. Kf2 Bxe4 38. Rd7+ Ke6 39.
Rxh7 Nxg4+ 40. Kg3 Bxc1 41. Kxg4 Bxf3+ 42. exf3 Bxb2 43. Rc7 Rxc7 0-1

[Event "Late-Titled-Tuesday-Blitz-June-18-2024"]
[Site "Chess.com"]
[Date "2024.06.18"]
[Round "7"]
[White "rhungaski"]
[Black "Flawless_Fighter"]
[Result "0-1"]
[WhiteElo "2607"]
[BlackElo "2789"]
[TimeControl "180+1"]
[EndTime "15:19:18 PDT"]
[Termination "Flawless_Fighter won on time"]

1. Nf3 d5 2. c4 e6 3. g3 Nf6 4.
Bg2 Be7 5. O-O O-O 6. b3 b6 7. Bb2 Bb7 8. cxd5 Nxd5 9. Nc3 Nd7 10. Nxd5 Bxd5 11. Qc2 c5 12. Rac1 Rc8 13. e4 Bb7 14. d3 Bf6 15. Rfd1 Bxb2 16. Qxb2 Qf6 17. Qe2 Rfd8 18. d4 cxd4 19. Rxc8 Rxc8 20. Rxd4 Nc5 21. e5 Qe7 22. Qd1 Bd5 23. h4 h6 24. Nd2 Bxg2 25. Kxg2 b5 26. f3 Qc7 27. Rd6 Nb7 28.
Rd4 Qxe5 29. Ne4 Nc5 30. f4 Qc7 31. Nd6 Qc6+ 32. Kh3 Rd8 33. Nxb5 Rxd4 34. Nxd4 Qd5 35. Qd2 h5 36. Kh2 g6 37. Qe3 a5 38. Nf3 Ne4 39. Qd4 Qc6 40. Nd2 Qc2 41. Qxe4 Qxd2+ 42. Kh3 Qxa2 43. Qa8+ Kg7 44. Qb8 Qa1 45. Kg2 Qb2+ 46. Kh3 a4 47. b4 a3 0-1

[Event "Late-Titled-Tuesday-Blitz-June-18-2024"]
[Site "Chess.com"]
[Date "2024.06.18"]
[Round "7"]
[White "Hakiki_satranc"]
[Black "Patricius007"]
[Result "0-1"]
[WhiteElo "2432"]
[BlackElo "2551"]
[TimeControl "180+1"]
[EndTime "15:19:19 PDT"]
[Termination "Patricius007 won on time"]

1. e3 d5 2. d4 c5 3. Nf3 Nc6 4. Bb5 Nf6 5. c4 e6 6. O-O a6 7. Bxc6+ bxc6 8. Qc2 cxd4 9. exd4 Be7 10. Ne5 Bd7 11. Nxd7 Qxd7 12. c5 a5 13. Bf4 Ne4 14.
f3 Nf6 15. Nc3 O-O 16. Na4 Bd8 17. Be5 Ne8 18. Rfc1 f6 19. Bg3 Ra7 20. Nb6 Qf7 21. a3 Bc7 22. b4 Bxg3 23. hxg3 Nc7 24. bxa5 Rxa5 25. Qc3 Ra7 26. a4 Re8 27. Re1 Qg6 28. g4 h5 29. gxh5 Qxh5 30. Re2 e5 31. Rae1 exd4 32. Rxe8+ Nxe8 33. Qxd4 Qf7 34. Qf4 Re7 35. Qd2 Nc7 36. Kf2 Na6 37. Qd4 Rxe1 38. Kxe1 Qe7+ 39. Kf2 Nxc5 40. a5 Nb3 41. Qc3 Qc5+ 42. Qxc5 Nxc5 43. Ke3 Kf7 44. Nc8 Na6 45. Kd4 Ke6 46. Nb6 c5+ 47. Kc3 Kd6 48. Nc8+ Kc6 49. Ne7+ Kb5 50. Nxd5 Kxa5 51.
Kc4 Ka4 52. f4 Ka3 53. f5 Kb2 54. g4 Kc2 55. Kb5 Nb4 56. Kxc5 Nd3+ 57. Kd6 Nf2 58. Nxf6 gxf6 59. g5 fxg5 0-1

[Event "Late-Titled-Tuesday-Blitz-June-18-2024"]
[Site "Chess.com"]
[Date "2024.06.18"]
[Round "7"]
[White "talaicito"]
[Black "Inepton_Fermion"]
[Result "1-0"]
[WhiteElo "2318"]
[BlackElo "2396"]
[TimeControl "180+1"]
[EndTime "15:19:19 PDT"]
[Termination "talaicito won by resignation"]

1. d4 c5 2. d5 e5 3. Nc3 d6 4. e4 Be7 5. f4 exf4 6. Bxf4 Bg5 7. Bb5+ Kf8 8. Qf3 Bxf4 9. Qxf4 Ne7 10. Nf3 Ng6 11.
Qg3 Qe7 12. O-O-O a6 13. Bd3 Nd7 14. e5 Ngxe5 15. Rde1 b5 16. Rhf1 h6 17. Bf5 Qd8 18.
Bxd7 Bxd7 19. Nxe5 dxe5 20. Rxe5 h5 21. Ne4 Rh6 22. h4 Rc8 23. Rg5 Rh7 24. Qf4 Be8 25.
Nd6 Rc7 26. Re1 Re7 27. Rxe7 Qxe7 28. Re5 Qxd6 29. Rxe8+ Kxe8 30. Qxd6 Rh6 31. Qc7 1-0

[Event "Late-Titled-Tuesday-Blitz-June-18-2024"]
[Site "Chess.com"]
[Date "2024.06.18"]
[Round "7"]
[White "cristiano78"]
[Black "jcmesafischer"]
[Result "1-0"]
[WhiteElo "2239"]
[BlackElo "2355"]
[TimeControl "180+1"]
[EndTime "15:19:19 PDT"]
[Termination "cristiano78 won by checkmate"]

1. d4 Nf6 2. c4 e6 3. Nf3 d5 4.
Nc3 Be7 5. Bg5 Nbd7 6. e3 c6 7.
Rc1 dxc4 8. Bxc4 b5 9. Bd3 a6 10. O-O c5 11. dxc5 Nxc5 12. Be2 Bb7 13. Qxd8+ Rxd8 14.
Rfd1 Rxd1+ 15. Nxd1 Nd5 16. Bxe7 Kxe7 17. Rxc5 Kd6 18.
Rc1 e5 19. Nc3 Nb4 20. a3 Nc6 21. Nd2 Rd8 22. Nde4+ Ke7 23. Nc5 Bc8 24. Bf3 Na5 25. Nd5+ Ke8 26. b4 Nc4 27. a4 Nd2 28. Nc7+ Ke7 29.
axb5 axb5 30. Nxb5 Bf5 31. Nc3 Nxf3+ 32. gxf3 Rd6 33. N3e4 Rb6 34. Nd3 h5 35. Nxe5 h4 36. Rc7+ Ke6 37. Nxf7 Rxb4 38. Kg2 Rb1 39. h3 Rb5 40.
Nfg5+ Ke5 41. Rxg7 Bxe4 42. fxe4 Kf6 43. Rg8 Rxg5+ 44.
Rxg5 Kxg5 45. f4+ Kf6 46. Kf3 Kg6 47. Kg4 Kh6 48. Kxh4 Kg7 49. Kg4 Kf6 50. f5 Kf7 51.
Kf4 Kg7 52. e5 Kf7 53. e6+ Kg7 54. e4 Kf8 55. e5 Kg8 56. f6 Kf8 57. Kf5 Ke8 58. e7 Kf7 59. h4 Ke8 60. Kg6 Kd7 61. Kf7 Kc6 62. e8=Q+ Kd5 63. Qe6+ Ke4 64. Qd6 Kf4 65.
e6+ Kf3 66. e7 Kg4 67. e8=Q Kxh4 68. Kg8 Kg4 69. f7 Kf3 70. f8=Q+ Kg4 71. Qee6+ Kh4 72. Qd4+ Kg5 73. Qff5# 1-0

[Event "Late-Titled-Tuesday-Blitz-June-18-2024"]
[Site "Chess.com"]
[Date "2024.06.18"]
[Round "7"]
[White "subham777"]
[Black "tactic"]
[Result "0-1"]
[WhiteElo "2619"]
[BlackElo "2756"]
[TimeControl "180+1"]
[EndTime "15:19:21 PDT"]
[Termination "tactic won on time"]

1. e4 d5 2. exd5 c6 3. Nf3 cxd5 4. d4 Nf6 5. Bd3 g6 6. O-O Bg7 7. Re1 Bg4 8. h3 Bxf3 9. Qxf3 Nc6 10. c3 O-O 11.
Bg5 Qb6 12. Re2 Rfe8 13. Na3 Rad8 14. Rae1 h6 15. Bh4 a6 16. b4 Qc7 17. Bg3 Qd7 18. b5 axb5 19. Bxb5 Ra8 20. Nc2 Rxa2 21. Nb4 Rxe2 22.
Rxe2 Ne4 23. Nxd5 Nxg3 24. fxg3 Qd6 25. Bc4 Rf8 26. Qe4 e6 27. Nf4 e5 28. dxe5 Qc5+ 29.
Kh2 Nxe5 30. Bd5 b5 31. Nd3 Nxd3 32. Qxd3 Kh7 33. Qf3 Qxc3 34. Qxc3 Bxc3 35. Re7 Kg7 36. Rb7 b4 37. g4 Be5+ 38. g3 Bd6 39. Kg2 Kf6 40. h4 g5 0-1

[Event "Late-Titled-Tuesday-Blitz-June-18-2024"]
[Site "Chess.com"]
[Date "2024.06.18"]
[Round "7"]
[White "Andrii_Prydun"]
[Black "BillCoe"]
[Result "1-0"]
[WhiteElo "2371"]
[BlackElo "2098"]
[TimeControl "180+1"]
[EndTime "15:19:21 PDT"]
[Termination "Andrii_Prydun won by checkmate"]

1. e4 c5 2. d4 cxd4 3. c3 dxc3 4.
Nxc3 Nc6 5. Nf3 e6 6. Bc4 Nge7 7. h4 Ng6 8. h5 Nge5 9. Nxe5 Nxe5 10. Be2 h6 11. Rh3 Bb4 12. Qd4 Bxc3+ 13. Rxc3 f6 14. Bf4 Qa5 15. b4 Qb6 16. Qd2 O-O 17. Rg3 Kh7 18. Rd1 a5 19. b5 Qc5 20. Rc3 Qb4 21. a3 Qxe4 22. Kf1 d5 23. Rc7 Rg8 24.
Re1 Qf5 25. Bxe5 fxe5 26. g4 Qf4 27. Qxf4 exf4 28. Bd3+ Kh8 29. g5 hxg5 30. h6 e5 31. Rxe5 Bg4 32. Rxg5 Bf3 33. hxg7+ Rxg7 34. Rcxg7 Rc8 35.
Rh7# 1-0

[Event "Late-Titled-Tuesday-Blitz-June-18-2024"]
[Site "Chess.com"]
[Date "2024.06.18"]
[Round "7"]
[White "divudis17"]
[Black "pinelone"]
[Result "0-1"]
[WhiteElo "2332"]
[BlackElo "2458"]
[TimeControl "180+1"]
[EndTime "15:19:24 PDT"]
[Termination "pinelone won by resignation"]

1. Nf3 c5 2. c4 g6 3. d4 cxd4 4. Nxd4 Nc6 5. e4 Nf6 6. Nc3 d6 7. Be2 Nxd4 8. Qxd4 Bg7 9. Be3 O-O 10. Qd2 a5 11. O-O a4 12. f3 Qa5 13. Rac1 Bd7 14.
Rfd1 Rfc8 15. Bd4 Bc6 16. Bxf6 Bxf6 17. Nd5 Bxd5 18. exd5 Qxd2 19. Rxd2 Bg5 20. Rcd1 Bxd2 21. Rxd2 Ra5 22. Kf2 h5 23. h4 Kg7 24. Ke3 Kf6 25. Kd4 e5+ 26. Ke3 Ke7 27. Rd1 f5 28. Rg1 Kf6 29. Bd3 Rac5 30. g4 hxg4 31. fxg4 f4+ 32.
Kf3 Rxc4 33. Bxc4 Rxc4 34. h5 gxh5 35. gxh5 Kf5 36. Rg7 e4+ 37. Ke2 Rc2+ 38. Kd1 Rh2 39. Rh7 f3 40. h6 e3 41. Rf7+ Ke4 42. h7 Kd3 0-1

[Event "Late-Titled-Tuesday-Blitz-June-18-2024"]
[Site "Chess.com"]
[Date "2024.06.18"]
[Round "7"]
[White "rychessmaster1"]
[Black "rasmussvane"]
[Result "0-1"]
[WhiteElo "2754"]
[BlackElo "2984"]
[TimeControl "180+1"]
[EndTime "15:19:25 PDT"]
[Termination "rasmussvane won by resignation"]

1. Nf3 d5 2. d4 Nf6 3. c4 e6 4. Nc3 a6 5. cxd5 exd5 6. Bg5 Be6 7. Qb3 Nbd7 8. e3 b5 9. Bd3 c5 10. dxc5 d4 11. Bxf6 gxf6 12. Qc2 dxc3 13. Be4 cxb2 14. Rd1 Qa5+ 15. Kf1 Rc8 16. c6 Nc5 17. Nd4 Bc4+ 18. Kg1 Qa4 19. Rb1 Qxc2 20. Bxc2 Bd6 21. Rxb2 Be5 22.
h4 Bxd4 23. exd4 Ne6 24. Be4 Nxd4 25. Rh3 Nxc6 26. Rd2 Ke7 27. Re3 Be6 28. f4 f5 29.
Bxf5 Rhd8 30. Bxe6 fxe6 31. Rf2 Kf6 32. g4 Rd1+ 33.
Kh2 Nd4 34. h5 h6 35. Re4 Rc2 36. Rxc2 Nxc2 37. a4 Rd4 38. g5+ hxg5 39. fxg5+ Kxg5 40. Rxe6 bxa4 41. Rxa6 Kxh5 42. Kg3 a3 43. Kf3 Kg5 44.
Ke2 Kf5 45. Rc6 a2 0-1

[Event "Late-Titled-Tuesday-Blitz-June-18-2024"]
[Site "Chess.com"]
[Date "2024.06.18"]
[Round "7"]
[White "ploxoi"]
[Black "Bugcrusher"]
[Result "0-1"]
[WhiteElo "2502"]
[BlackElo "2404"]
[TimeControl "180+1"]
[EndTime "15:19:25 PDT"]
[Termination "Bugcrusher won by resignation"]

1. d4 e6 2. c4 Nf6 3. Nf3 Nc6 4. g3 d5 5. Bg2 dxc4 6. O-O Rb8 7. a4 a6 8. e3 Bd6 9. a5 O-O 10. Nbd2 e5 11. Nxc4 exd4 12. Nxd4 Nxd4 13. Qxd4 Be6 14. Nxd6 Qxd6 15. Qxd6 cxd6 16. Rd1 Rfd8 17. Bd2 Bd5 18. f3 Bb3 19. Rdc1 Rdc8 20. Bb4 Ne8 21. e4 f6 22. Bh3 Rxc1+ 23. Rxc1 Kf7 24. Bd7 Be6 25. Bxe8+ Rxe8 26. Bxd6 Rc8 27. Rd1 Rc2 28. b4 Bh3 29. Bc5 Rg2+ 30. Kh1 Rc2 31. g4 Bg2+ 32. Kg1 Bxf3 33.
Rd7+ Kg6 34. Bf8 Kg5 35. Rxg7+ Kf4 36. Rxb7 Rc1+ 37. Kf2 Rc2+ 38. Ke1 Bxe4 39. Rb6 Bd3 40. Rxf6+ Kxg4 41. Bd6 h5 42. Rf4+ Kg5 43. Rd4 Bb5 44. Rd5+ Kg4 45. Bg3 Re2+ 46. Kd1 Rb2 47. Bd6 h4 48.
Rd4+ Kh5 49. Be7 Rxh2 50. Ke1 Re2+ 51. Kd1 Rxe7 0-1

[Event "Late-Titled-Tuesday-Blitz-June-18-2024"]
[Site "Chess.com"]
[Date "2024.06.18"]
[Round "7"]
[White "SRob2003"]
[Black "Romkachess"]
[Result "1-0"]
[WhiteElo "2699"]
[BlackElo "2497"]
[TimeControl "180+1"]
[EndTime "15:19:26 PDT"]
[Termination "SRob2003 won by resignation"]

1. e3 e5 2. d3 d5 3. Ne2 Nf6 4. Nd2 Nc6 5. Ng3 Bd6 6. Nb3 h5 7. Be2 h4 8. Nh5 Nxh5 9. Bxh5 Qg5 10. Bf3 h3 11. g3 Ne7 12. e4 Qg6 13. exd5 Bf5 14. O-O O-O-O 15. Be3 e4 16. dxe4 Bxe4 17. c4 Bxf3 18. Qxf3 Nf5 19. Kh1 a6 20. c5 Be5 21.
Rfd1 Rde8 22. d6 cxd6 23. c6 b5 24. c7 Nxe3 25. fxe3 Kxc7 26. Rac1+ Kd7 27. Qb7+ Ke6 28. Rc7 Rhf8 29. Rf1 Qd3 30. Qf3 f5 31. Rc6 Qe4 32.
Nc5+ Kf6 33. Nxe4+ Kg6 34. Nd2 Bxg3 35. Qxg3+ 1-0

[Event "Late-Titled-Tuesday-Blitz-June-18-2024"]
[Site "Chess.com"]
[Date "2024.06.18"]
[Round "7"]
[White "Gyulamiryan-koryun"]
[Black "shirovin"]
[Result "0-1"]
[WhiteElo "1659"]
[BlackElo "2097"]
[TimeControl "180+1"]
[EndTime "15:19:26 PDT"]
[Termination "shirovin won on time"]

1. e4 c5 2. Nf3 d6 3. d4 cxd4 4. Nxd4 Nf6 5. Nc3 a6 6. f3 e5 7.
Nb3 Be6 8. g4 Be7 9. h4 Nbd7 10.
h5 h6 11. Be3 b5 12. Qd2 b4 13. Ne2 d5 14. O-O-O d4 15. Nexd4 exd4 16. Nxd4 Qa5 17.
Nxe6 fxe6 18. Bc4 O-O 19. Bxe6+ Kh8 20. Bb3 Nc5 21. Bxc5 Qxc5 22. Qd4 Qg5+ 23. Qd2 Rad8 24. Qxg5 hxg5 25. e5 Ne8 26. Bd5 Nc7 27. Be4 Rxd1+ 28. Rxd1 Rd8 29. Rxd8+ Bxd8 30. Kd2 Ne6 31. Kd3 Bb6 32.
Kc4 Bc7 0-1

[Event "Late-Titled-Tuesday-Blitz-June-18-2024"]
[Site "Chess.com"]
[Date "2024.06.18"]
[Round "7"]
[White "Chigorinetz"]
[Black "Mikhal867"]
[Result "1-0"]
[WhiteElo "2618"]
[BlackElo "2447"]
[TimeControl "180+1"]
[EndTime "15:19:27 PDT"]
[Termination "Chigorinetz won by resignation"]

1. e4 g6 2. Nc3 Bg7 3. f4 c5 4.
Nf3 Nc6 5. Bc4 e6 6. O-O Nge7 7. f5 gxf5 8. d3 h6 9. Qe1 Nd4 10. Nxd4 Bxd4+ 11. Kh1 fxe4 12. Nb5 d5 13. Nxd4 dxc4 14. Nb5 a6 15. Nc3 exd3 16. Qe5 Ng6 17. Qxc5 b5 18.
Ne4 f5 19. Nd6+ Kd7 20. Nf7 Qf8 21. Qd4+ Kc6 22. Nxh8 Qxh8 23. Qf2 Bb7 24. cxd3 Ne5 25. dxc4 bxc4 26. Bf4 Nd3 27. Qf3+ Kb6 28. Be3+ Kc7 29. Qg3+ e5 30. Qh4 Rg8 31. Qxc4+ Kb8 32. Rg1 e4 33.
Raf1 Rf8 34. b4 Qg7 35. b5 Qc7 36. Qd4 axb5 37. Rc1 Qa5 38. Qd6+ Ka8 39. Qxf8+ 1-0

[Event "Late-Titled-Tuesday-Blitz-June-18-2024"]
[Site "Chess.com"]
[Date "2024.06.18"]
[Round "7"]
[White "miraitrunks"]
[Black "PNEPaul"]
[Result "1-0"]
[WhiteElo "2164"]
[BlackElo "1965"]
[TimeControl "180+1"]
[EndTime "15:19:28 PDT"]
[Termination "miraitrunks won on time"]

1. e4 e5 2. Nf3 Nc6 3. Bb5 f5 4. Qe2 Nf6 5. d3 Be7 6. O-O O-O 7. exf5 d6 8. Nc3 Bxf5 9. Bc4+ Kh8 10. Ng5 Nd4 11. Qh5 Bg6 12. Qh4 c6 13. Ne6 Nxe6 14. Bxe6 Nd5 15. Qh3 Nxc3 16. bxc3 d5 17. Bg4 Bd6 18. Rb1 b6 19. a4 Qf6 20. a5 Bc5 21.
Be3 d4 22. cxd4 exd4 23. Bd2 Rae8 24. axb6 axb6 25. f3 Re2 26. Rf2 Rfe8 27. Rbf1 b5 28. Bd7 R8e7 29. Qg4 h5 30. Qh3 Rxf2 31. Kxf2 Qd6 32.
Bg4 Qe5 33. Re1 Qf6 34. Rxe7 Qxe7 35. Bxh5 Bxh5 36. Qxh5+ Kg8 37. Qg6 Bb4 38. Bxb4 Qxb4 39. Qe6+ Kh7 40. Qf5+ Kg8 41. Qe6+ Kh7 42. Qe4+ 1-0

[Event "Late-Titled-Tuesday-Blitz-June-18-2024"]
[Site "Chess.com"]
[Date "2024.06.18"]
[Round "7"]
[White "Rhinos1"]
[Black "Boudicca64"]
[Result "0-1"]
[WhiteElo "2059"]
[BlackElo "1908"]
[TimeControl "180+1"]
[EndTime "15:19:28 PDT"]
[Termination "Boudicca64 won on time"]

1. e4 g6 2. d3 Bg7 3. c3 c5 4. Nf3 Nc6 5. g3 e6 6. Bg2 Nge7 7. O-O O-O 8. Bg5 f6 9. Be3 b6 10. Re1 d5 11. Nbd2 Ba6 12. Nf1 d4 13. Bd2 dxc3 14. Bxc3 Qxd3 15. Qa4 Bb5 16. Qb3 Bc4 17.
Qa4 b5 18. Qd1 b4 19. Bd2 Rfd8 20. Re3 Qd7 21. Qc2 Bxf1 22. Bxf1 Ne5 23. Qxc5 Rac8 24. Nxe5 fxe5 25. Qxb4 Nc6 26. Qb3 Qxd2 27. Qxe6+ Kh8 28. Rd3 Qxb2 29. Rad1 Nd4 30. Qe7 Nf3+ 31. Kg2 Rxd3 32. Bxd3 Nd4 33. Bb5 Rf8 0-1

[Event "Late-Titled-Tuesday-Blitz-June-18-2024"]
[Site "Chess.com"]
[Date "2024.06.18"]
[Round "7"]
[White "DeArron_Fox"]
[Black "AlbusSevresPotter"]
[Result "1-0"]
[WhiteElo "2467"]
[BlackElo "2603"]
[TimeControl "180+1"]
[EndTime "15:19:29 PDT"]
[Termination "DeArron_Fox won on time"]

1. d4 Nf6 2. c4 e6 3. Nf3 b6 4. g3 Bb7 5. Bg2 Be7 6. O-O O-O 7.
Nc3 Ne4 8. Bd2 f5 9. d5 Bf6 10. Qc2 Nxd2 11. Nxd2 e5 12. Qxf5 Na6 13. Qc2 Nb4 14. Qb1 a5 15. a3 Na6 16. Nde4 d6 17. b4 Bc8 18. Qb3 Bd7 19. c5 Be7 20. cxb6 cxb6 21.
bxa5 bxa5 22. Nb5 Rb8 23. a4 Bf5 24. Rac1 Bxe4 25. Bxe4 Kh8 26. Rfd1 Nc5 27. Rxc5 dxc5 28. d6 Bg5 29. d7 Qf6 30. f3 h5 31. Qd5 h4 32. Qxc5 Rbd8 33. Qd5 Be3+ 34. Kg2 Qg5 35. Qe6 Bf4 36. Qh3 Rf6 37. Nd6 g6 38. Kh1 1-0

[Event "Late-Titled-Tuesday-Blitz-June-18-2024"]
[Site "Chess.com"]
[Date "2024.06.18"]
[Round "7"]
[White "StoreySniper"]
[Black "CombativeWombat"]
[Result "1-0"]
[WhiteElo "2412"]
[BlackElo "2298"]
[TimeControl "180+1"]
[EndTime "15:19:33 PDT"]
[Termination "StoreySniper won by checkmate"]

1. c4 e6 2. g3 d5 3. Bg2 dxc4 4. Qa4+ Nd7 5. Qxc4 a6 6. Qc2 c5 7. b3 Ngf6 8. Bb2 Bd6 9. Nc3 O-O 10. d3 Re8 11. Rc1 e5 12. e3 Nf8 13. Nge2 Rb8 14. O-O b5 15. Rfd1 Qb6 16. Nd5 Nxd5 17. Bxd5 Bf5 18. Nc3 Rbd8 19. Be4 Bg4 20. f3 Bc8 21. Nd5 Qa7 22.
Nc3 f5 23. Bd5+ Kh8 24. e4 f4 25. gxf4 Ng6 26. Ne2 Rf8 27. f5 Nh4 28. Kh1 Nxf3 29. Rf1 Nd4 30. Bxd4 exd4 31. Qd2 Qe7 32. Rg1 Qe5 33. Rg2 Bxf5 34. Ng3 Bg6 35. Rcg1 Rf3 36. Qe2 Rdf8 37. Nf5 Rh3 38. Nxd6 Qxd6 39. Qg4 Rhf3 40. Rg3 Rf2 41. Qxg6 hxg6 42. Rh3# 1-0

[Event "Late-Titled-Tuesday-Blitz-June-18-2024"]
[Site "Chess.com"]
[Date "2024.06.18"]
[Round "7"]
[White "SilverCityIndigo"]
[Black "Millerkallpa"]
[Result "1-0"]
[WhiteElo "2405"]
[BlackElo "2216"]
[TimeControl "180+1"]
[EndTime "15:19:34 PDT"]
[Termination "SilverCityIndigo won on time"]

1. d4 d5 2. Nf3 Nf6 3. c4 e6 4. Nc3 c5 5. cxd5 Nxd5 6. e4 Nxc3 7. bxc3 cxd4 8. cxd4 Bb4+ 9. Bd2 Bxd2+ 10. Qxd2 O-O 11. Bc4 b6 12. O-O Bb7 13. Bd3 Nc6 14. d5 exd5 15. exd5 Ne7 16. d6 Nd5 17. Be4 Qxd6 18. Rad1 Rad8 19.
Qc2 Qh6 20. Qb3 Qh5 21. Rd4 Rd7 22. Rfd1 Rfd8 23. Kh1 h6 24. g4 Qh3 25. Bxd5 Bxd5 26.
Rxd5 Rxd5 27. Rxd5 Rc8 28. Qd1 Qxg4 29. Rd8+ Rxd8 30. Qxd8+ Kh7 31. Qd3+ g6 32. Ne5 Qf4 33. Qd5 Qc1+ 34. Kg2 Qg5+ 35. Kf3 Qf5+ 36. Ke3 Kg7 37. Qd4 Qg5+ 38. f4 Qf6 39. Nd7 1-0

[Event "Late-Titled-Tuesday-Blitz-June-18-2024"]
[Site "Chess.com"]
[Date "2024.06.18"]
[Round "7"]
[White "GoltsevDmitry2000"]
[Black "Roachelley"]
[Result "1-0"]
[WhiteElo "2721"]
[BlackElo "2558"]
[TimeControl "180+1"]
[EndTime "15:19:35 PDT"]
[Termination "GoltsevDmitry2000 won by resignation"]

1. e4 c5 2. Nf3 d6 3. d4 cxd4 4. Nxd4 Nf6 5. Nc3 Nc6 6. Be2 g6 7. O-O Bg7 8. Be3 O-O 9. Nb3 Be6 10. f4 Rc8 11. Bf3 a5 12. Qe2 Nb4 13. Rfd1 Qc7 14. a3 Na6 15. Qb5 Ng4 16. Bb6 Qc6 17. Qxa5 Bxc3 18.
bxc3 Qxc3 19. f5 Bxb3 20. cxb3 Qxa5 21. Bxa5 Ne5 22. Be2 Nc5 23. Bb6 Nxe4 24. fxg6 hxg6 25. Re1 Nc3 26. Bf1 Nd5 27. Bd4 Nc6 28. Bb2 e6 29.
Rad1 Na5 30. b4 Nc4 31. Bd4 Nxa3 32. Re4 Nc3 33. Rh4 e5 34. Bxc3 Rxc3 35. Rxd6 Rc1 36.
Kf2 Rfc8 37. Bd3 Kg7 38. Rd7 b6 39. Rg4 Kf8 40. Rg3 Nc4 41. Rf3 f5 42. Rh3 Kg8 43. Rh6 Rc6 44. b5 Rf6 45. Rc7 1-0